Warning! The script has encountered some errors when parsing the replay. Please report them to the . » details
0x00, prev: 0x16: 16 02 01 00 D9 7A 00 00 47 62 01 00 [00] 00 00 00 00 00 00 00 00 00 00 00 00 00 00 00 00 00 00 00 00 00 00 00 08 00
0x00, prev: 0x00: 16 02 01 00 D9 7A 00 00 47 62 01 00 00 00 00 00 00 00 00 00 00 00 00 00 00 00 00 00 00 00 00 00 00 00 [00] 00 08 00
0x00, prev: 0x01: 16 02 01 00 3D 68 00 00 00 89 0C 00 00 00 00 00 00 00 00 00 00 00 00 00 00 00 00 00 00 00 00 00 00 00 00 00 01 [00] 01 11 00 18 01 03 1A 19 77 68 64 68 7F 1D 00 00 E8 3F 0B 00
0x00, prev: 0x02: 16 02 01 00 2C 68 00 00 58 E6 00 00 00 00 00 00 00 00 00 00 00 00 00 00 00 00 00 00 00 00 00 00 00 00 00 00 02 [00]
0x00, prev: 0x04: 16 02 0A 00 2C 68 00 00 58 E6 00 00 73 30 00 00 6B E3 08 00 CD 37 00 00 02 A9 08 00 97 65 00 00 69 23 0A 00 CF 65 00 00 F5 45 09 00 66 73 00 00 9E 0F 0B 00 BC 76 00 00 C1 0F 0B 00 65 77 00 00 9A A0 09 00 10 83 00 00 46 23 0A 00 28 83 00 00 DD A8 08 00 00 00 00 00 00 00 00 00 00 00 00 00 00 00 00 00 00 00 00 00 00 00 00 00 04 [00] 06 7E 00 16 02 0C 00 1D 0D 00 00 C7 80 0C 00 CA 0E 00 00 C9 DA 0B 00 DF 5F 00 00 EE 18 0C 00 14 60 00 00 EF DA 0B 00 8D 6A 00 00 C8 18 0C 00 7E 6C 00 00 15 A3 0B 00 89 6C 00 00 D3 4D 0C 00 C4 6C 00 00 14 19 0C 00 AC 6F 00 00 AD 4D 0C 00 99 73 00 00 A1 80 0C 00 85 80 00 00 EF A2 0B 00 DF 84 00 00 F9 4D 0C 00 16 01 01 00 45 77 00 00 8F EB 0B 00 1A 19 72 6F 73 68 45 77 00 00 8F EB 0B 00 01 03 00 18 00 03
0x08, prev: 0x00: 16 02 01 00 D9 7A 00 00 47 62 01 00 00 00 00 00 00 00 00 00 00 00 00 00 00 00 00 00 00 00 00 00 00 00 00 00 [08] 00
General information
- name: BNet
- type: Ladder team game (AT/RT)
- host: Battle.net
- saver: GALLETE
map: Monsoon
- players: 6
- length: 27:57
- speed: Fast
- version: 1.23 W3XP
- replay type: Public
» download(170 KB)
Players
team 1 (loser)
BISIES (
purple | 125 APM | 1913 actions | 15:16)
4 Archmage
2 Summon Water Elemental
2 Blizzard
» actions
| Assign group hotkey | 37 | |
| Basic commands | 66 | |
| Build / train | 108 | |
| ESC pressed | 14 | |
| Enter build submenu | 26 | |
| Enter hero's abilities submenu | 4 | |
| Remove unit from queue | 1 | |
| Right click | 991 | |
| Select / deselect | 388 | |
| Select group hotkey | 207 | |
| Use ability | 71 | |
1913 total
» units
| Peasant | 11 | |
| Footman | 8 | |
| Priest | 3 | |
| Knight | 5 | |
| Dragonhawk Rider | 12 | |
| Spell Breaker | 4 | |
| Gryphon Rider | 5 | |
| Sorceress | 2 | |
| Mortar Team | 2 | |
52 total
» upgrades
| Defend | 1 | |
| Plating | 1 | |
| Cloud | 1 | |
| Animal War Training | 1 | |
| Gunpowder | 2 | |
| Swords | 2 | |
| Priest Training | 2 | |
10 total
» buildings
| Altar of Kings | 1 | |
| Farm | 9 | |
| Barracks | 1 | |
| Scout Tower | 4 | |
| Arcane Tower | 2 | |
| Arcane Vault | 1 | |
| Keep | 3 | |
| Lumber Mill | 1 | |
| Blacksmith | 1 | |
| Castle | 4 | |
| Arcane Sanctum | 1 | |
| Gryphon Aviary | 2 | |
| Town Hall | 1 | |
| Guard Tower | 4 | |
| Workshop | 1 | |
36 total
» build order
00:08 Altar of Kings
00:11 Farm
00:31 Barracks
00:53 Farm
01:36 Farm
02:06 Scout Tower
02:55 Farm
02:58 Arcane Tower
02:58 Arcane Tower
03:08 Arcane Vault
03:11 Gryphon Aviary
05:57 Town Hall
06:09 Farm
06:54 Farm
07:43 Farm
12:45 Scout Tower
12:48 Scout Tower
12:50 Scout Tower
14:01 Guard Tower
14:02 Guard Tower
14:11 Gryphon Aviary
15:16 Farm
» items
| Scroll of Regeneration | 1 | |
| Lesser Clarity Potion | 1 | |
| Dust of Appearance | 1 | |
| Orb of Fire | 1 | |
| Potion of Healing | 1 | |
| Scroll of Town Portal | 1 | |
6 total

»
chachi (
orange | 134 APM | 2041 actions | 15:16)
4 Death Knight
2 Death Coil
2 Unholy Aura
4 Lich
2 Frost Nova
2 Frost Armor
3 Crypt Lord
2 Impale
1 Spiked Carapace
» actions
| Assign group hotkey | 25 | |
| Basic commands | 229 | |
| Build / train | 70 | |
| ESC pressed | 1 | |
| Enter build submenu | 23 | |
| Enter hero's abilities submenu | 13 | |
| Give item / drop item | 5 | |
| Right click | 730 | |
| Select / deselect | 382 | |
| Select group hotkey | 496 | |
| Use ability | 67 | |
2041 total
» units
| Acolyte | 17 | |
| Ghoul | 2 | |
| Crypt Fiend | 16 | |
| Obsidian Statue | 2 | |
| Frost Wyrm | 3 | |
40 total
» upgrades
| Web | 1 | |
| Creature Attack | 1 | |
| Creature Carapace | 1 | |
| Freezing Breath | 1 | |
4 total
» buildings
| Graveyard | 1 | |
| Crypt | 1 | |
| Altar of Darkness | 1 | |
| Ziggurat | 10 | |
| Tomb of Relics | 1 | |
| Nerubian Tower | 1 | |
| Halls of the Dead | 1 | |
| Slaughterhouse | 1 | |
| Black Citadel | 1 | |
| Sacrificial Pit | 1 | |
| Boneyard | 2 | |
| Necropolis | 1 | |
22 total
» build order
00:10 Graveyard
00:13 Crypt
00:42 Altar of Darkness
00:58 Ziggurat
01:39 Ziggurat
02:14 Tomb of Relics
03:11 Ziggurat
04:17 Slaughterhouse
05:13 Black Citadel
06:40 Ziggurat
07:27 Sacrificial Pit
08:11 Ziggurat
09:06 Boneyard
10:42 Boneyard
10:53 Ziggurat
10:54 Ziggurat
11:42 Necropolis
12:27 Ziggurat
» items
| Rod of Necromancy | 1 | |
| Dust of Appearance | 2 | |
| Scroll of Regeneration | 2 | |
| Lesser Clarity Potion | 1 | |
6 total
Slimwire (
teal | 78 APM | 1197 actions | 15:16)
4 Death Knight
2 Death Coil
2 Unholy Aura
» actions
| Assign group hotkey | 51 | |
| Basic commands | 20 | |
| Build / train | 59 | |
| Enter build submenu | 21 | |
| Enter hero's abilities submenu | 4 | |
| Remove unit from queue | 10 | |
| Right click | 590 | |
| Select / deselect | 254 | |
| Select group hotkey | 158 | |
| Use ability | 30 | |
1197 total
» units
| Acolyte | 7 | |
| Ghoul | 4 | |
| Crypt Fiend | 11 | |
| Obsidian Statue | 3 | |
| Banshee | 2 | |
| Abomination | 2 | |
| Meatwagon | 1 | |
30 total
» upgrades
| Cannibalize | 0 | |
| Web | 1 | |
| Banshee Training | 1 | |
| Destroyer Form | 1 | |
| Disease Cloud | 0 | |
3 total
» buildings
| Altar of Darkness | 1 | |
| Ziggurat | 11 | |
| Crypt | 1 | |
| Graveyard | 1 | |
| Nerubian Tower | 2 | |
| Spirit Tower | 6 | |
| Tomb of Relics | 1 | |
| Halls of the Dead | 1 | |
| Temple of the Damned | 1 | |
| Slaughterhouse | 1 | |
| Black Citadel | 1 | |
27 total
» build order
00:15 Altar of Darkness
00:21 Ziggurat
00:42 Crypt
01:16 Ziggurat
01:37 Graveyard
01:56 Nerubian Tower
03:11 Spirit Tower
03:14 Ziggurat
03:27 Ziggurat
04:25 Temple of the Damned
04:43 Slaughterhouse
06:05 Spirit Tower
06:07 Spirit Tower
06:10 Black Citadel
07:38 Ziggurat
07:49 Ziggurat
09:10 Nerubian Tower
12:38 Spirit Tower
12:47 Ziggurat
12:51 Ziggurat
12:57 Ziggurat
15:16 Spirit Tower
team 2 (winner)
GALLETE (
yellow | 116 APM | 1771 actions | 15:16)
4 Archmage
2 Blizzard
2 Brilliance Aura
» actions
| Assign group hotkey | 62 | |
| Basic commands | 52 | |
| Build / train | 108 | |
| ESC pressed | 4 | |
| Enter build submenu | 67 | |
| Enter hero's abilities submenu | 7 | |
| Give item / drop item | 4 | |
| Right click | 560 | |
| Select / deselect | 307 | |
| Select group hotkey | 373 | |
| Use ability | 227 | |
1771 total
» units
| Peasant | 22 | |
| Sorceress | 9 | |
| Mortar Team | 10 | |
| Ogre Magi | 1 | |
42 total
» upgrades
| Masonry | 3 | |
| Magic Sentry | 1 | |
| Sorceress Training | 2 | |
| Lumber Harvesting | 1 | |
| Gunpowder | 3 | |
| Fragmentation Shards | 1 | |
| Flare | 1 | |
| Armor | 1 | |
13 total
» buildings
| Altar of Kings | 1 | |
| Farm | 9 | |
| Lumber Mill | 1 | |
| Scout Tower | 81 | |
| Arcane Tower | 4 | |
| Guard Tower | 29 | |
| Keep | 1 | |
| Castle | 1 | |
| Town Hall | 1 | |
| Barracks | 1 | |
| Arcane Sanctum | 1 | |
| Blacksmith | 1 | |
| Workshop | 2 | |
| Arcane Vault | 1 | |
134 total
» build order
00:15 Altar of Kings
00:18 Farm
00:21 Lumber Mill
01:04 Scout Tower
01:33 Arcane Tower
01:37 Scout Tower
01:40 Farm
01:49 Scout Tower
02:14 Guard Tower
02:16 Scout Tower
02:21 Scout Tower
02:22 Arcane Tower
02:34 Scout Tower
02:46 Guard Tower
02:47 Scout Tower
02:51 Scout Tower
02:55 Scout Tower
03:03 Guard Tower
03:06 Scout Tower
03:08 Scout Tower
03:11 Arcane Tower
03:23 Arcane Tower
03:26 Scout Tower
03:27 Scout Tower
03:29 Blacksmith
03:32 Guard Tower
03:49 Scout Tower
03:50 Scout Tower
03:51 Scout Tower
04:10 Guard Tower
04:26 Guard Tower
04:46 Farm
06:28 Workshop
06:28 Workshop
07:14 Guard Tower
07:15 Scout Tower
07:17 Scout Tower
07:18 Scout Tower
07:19 Scout Tower
07:31 Farm
07:31 Farm
09:53 Scout Tower
09:54 Scout Tower
09:54 Scout Tower
09:54 Scout Tower
09:55 Scout Tower
09:55 Scout Tower
09:57 Scout Tower
09:57 Scout Tower
09:57 Scout Tower
10:21 Scout Tower
10:22 Scout Tower
10:23 Scout Tower
10:23 Scout Tower
10:27 Guard Tower
10:41 Scout Tower
10:42 Scout Tower
10:42 Scout Tower
11:41 Guard Tower
11:51 Guard Tower
11:56 Arcane Vault
11:59 Farm
11:59 Farm
12:33 Guard Tower
12:48 Guard Tower
13:12 Guard Tower
15:16 Guard Tower
» items
| Boots of Speed | 1 | |
| Staff of Teleportation | 2 | |
| Scroll of Town Portal | 5 | |
| Staff of Sanctuary | 1 | |
| Scroll of Regeneration | 1 | |
10 total
ImArthasKingfac (
green | 76 APM | 1165 actions | 15:16)
3 Pandaren Brewmaster
2 Breath of Fire
1 Drunken Haze
» actions
| Assign group hotkey | 15 | |
| Build / train | 86 | |
| Enter build submenu | 35 | |
| Enter hero's abilities submenu | 3 | |
| Remove unit from queue | 4 | |
| Right click | 550 | |
| Select / deselect | 219 | |
| Select group hotkey | 138 | |
| Use ability | 115 | |
1165 total
» units
» upgrades
» buildings
| Altar of Elders | 1 | |
| Moon Well | 23 | |
| Tree of Ages | 4 | |
| Tree of Life | 8 | |
| Hunter's Hall | 1 | |
| Tree of Eternity | 2 | |
| Ancient of Wind | 1 | |
40 total
» build order
00:09 Altar of Elders
00:14 Moon Well
02:01 Moon Well
02:13 Moon Well
02:32 Moon Well
02:33 Moon Well
03:02 Moon Well
03:11 Hunter's Hall
03:23 Moon Well
03:28 Tree of Eternity
03:28 Tree of Eternity
05:31 Moon Well
05:32 Moon Well
05:58 Ancient of Wind
06:09 Moon Well
06:14 Moon Well
06:15 Moon Well
07:37 Moon Well
09:29 Moon Well
09:30 Moon Well
10:27 Moon Well
10:28 Moon Well
15:16 Tree of Life
» items
POOPASS (
blue | 115 APM | 1750 actions | 15:16)
6 Blademaster
3 Wind Walk
2 Critical Strike
1 Bladestorm
» actions
| Assign group hotkey | 37 | |
| Basic commands | 34 | |
| Build / train | 78 | |
| Enter build submenu | 59 | |
| Enter hero's abilities submenu | 8 | |
| Give item / drop item | 4 | |
| Right click | 689 | |
| Select / deselect | 307 | |
| Select group hotkey | 259 | |
| Use ability | 275 | |
1750 total
» units
» upgrades
| Ranged Weapons | 3 | |
| Liquid Fire | 1 | |
| Armor | 1 | |
5 total
» buildings
| Altar of Storms | 1 | |
| Orc Burrow | 6 | |
| War Mill | 2 | |
| Voodoo Lounge | 2 | |
| Watch Tower | 34 | |
| Stronghold | 2 | |
| Fortress | 1 | |
| Beastiary | 5 | |
| Great Hall | 1 | |
54 total
» build order
00:14 Altar of Storms
00:20 Orc Burrow
00:44 War Mill
01:27 Orc Burrow
01:47 Voodoo Lounge
02:26 Watch Tower
02:41 Watch Tower
03:05 Watch Tower
03:07 Watch Tower
03:11 Watch Tower
03:23 Watch Tower
03:34 Watch Tower
03:35 Watch Tower
03:48 Beastiary
03:48 Beastiary
04:08 Beastiary
04:10 Beastiary
04:16 Beastiary
04:31 Great Hall
04:35 Watch Tower
04:40 Watch Tower
04:40 Watch Tower
05:11 Voodoo Lounge
06:44 Watch Tower
06:44 Watch Tower
06:45 Watch Tower
07:58 Orc Burrow
08:00 Watch Tower
08:02 Orc Burrow
08:25 Watch Tower
08:27 Watch Tower
13:59 Watch Tower
14:01 Watch Tower
15:16 War Mill
» items
| Staff of Teleportation | 1 | |
| Potion of Invisibility | 1 | |
| Potion of Healing | 1 | |
| Healing Salve | 1 | |
| Scroll of Speed | 1 | |
| Orb of Lightning | 1 | |
| Boots of Speed | 2 | |
| Potion of Mana | 2 | |
| Lesser Clarity Potion | 1 | |
| Scroll of Town Portal | 1 | |
12 total
Chat log
(00:08 / Allies) POOPASS: 1-5 solo
(00:10 / Allies) GALLETE: we doin this?
(00:26 / Allies) POOPASS: i say yes
(00:27 / Allies) GALLETE: if so u know the score
(00:31 / Allies) GALLETE: orc gotta tower hisself
(00:33 / Allies) GALLETE: and elf feed me
(00:46 / Allies) GALLETE: pandas
(00:48 / Allies) GALLETE: ?
(00:53 / Allies) POOPASS: ok
(01:06 / Allies) POOPASS: actually
(01:07 / Allies) POOPASS: maybe not
(01:16 / Allies) GALLETE: k no pandas
(01:22 / Allies) GALLETE: michael
(01:23 / Allies) GALLETE: u ge tpanda
(01:26 / Allies) GALLETE: warden is trash
(01:28 / All) chachi: D
(01:28 / Allies) POOPASS: there is lag
(01:29 / Allies) GALLETE: kew le wklewklweklweklwkleklwe
(01:29 / All) BISIES: D
(01:29 / All) BISIES: D
(02:00 / Allies) GALLETE: remember last time
(02:09 / Allies) GALLETE: ur making 2nd burrow iwth no tower uyet
(03:11 / Allies) GALLETE: wood
(03:15 / Allies) GALLETE: tehy have defend
(03:16 / Allies) GALLETE: fuck
(03:36 / Allies) GALLETE: bats or gg
(03:37 / Allies) GALLETE: imhow
(03:42 / Allies) ImArthasKingfac: tommy u got ur wisp kilt
(03:51 / Allies) POOPASS: it werent mine
(03:53 / Allies) POOPASS: wood plz
(03:54 / Allies) POOPASS: fast
(03:54 / Allies) ImArthasKingfac: pingpingping
(04:01 / Allies) GALLETE: gg
(04:22 / Allies) POOPASS: more wood
(04:56 / Allies) POOPASS: 2 poor to afford invul
(04:58 / Allies) POOPASS: had tto tp
(05:36 / Allies) POOPASS: gold?
(05:59 / Allies) GALLETE: can we creep this
(06:21 / Allies) GALLETE: this is a bag of tricks
(06:39 / Allies) GALLETE: u tank bm
(06:57 / Allies) GALLETE: wood nme
(07:11 / Allies) GALLETE: u all got staffs
(07:15 / Allies) ImArthasKingfac: red?
(07:17 / Allies) POOPASS: ya
(07:18 / Allies) ImArthasKingfac: yea
(07:24 / Allies) GALLETE: stafme
(07:40 / Allies) POOPASS: gold 4 bats
(08:03 / Allies) GALLETE: lets try recd
(08:08 / Allies) POOPASS: wood?
(08:20 / Allies) GALLETE: hmm
(08:20 / Allies) GALLETE: wait
(08:22 / Allies) GALLETE: lure
(08:22 / Allies) GALLETE: to here
(08:33 / Allies) ImArthasKingfac: lag
(08:34 / Allies) POOPASS: lag long time
(08:35 / All) Slimwire: D
(08:35 / All) chachi: NO
(09:20 / Allies) GALLETE: heh.
(10:07 / Allies) ImArthasKingfac: im a mime
(10:11 / Allies) ImArthasKingfac: no wait im not
(10:13 / Allies) GALLETE: i always get fooled into playign this map
(11:04 / Allies) GALLETE: tp wisps out?
(11:43 / Allies) GALLETE: wood m,e
(12:20 / Allies) ImArthasKingfac: 17 baby dumplings saved
(12:43 / Allies) GALLETE: panda took tome of power
(12:45 / Allies) GALLETE: tell me it lived
(12:57 / Allies) GALLETE: why are you gholding out on me with wood
(12:59 / Allies) GALLETE: just give it all
(13:00 / Allies) ImArthasKingfac: bm took tome
(13:06 / Allies) GALLETE: bm was level 2 or something
(13:07 / Allies) GALLETE: gross
(13:22 / All) chachi: lol nice
(13:33 / Allies) POOPASS: i want to quit hte game now
(13:41 / Allies) POOPASS: i oculd have stolen mask of death but inventory was full
(13:42 / Allies) POOPASS: with doubles
(13:43 / Allies) POOPASS: and salves
(13:50 / Allies) GALLETE: an item cool
(13:52 / Allies) GALLETE: we lost this game
(13:54 / Allies) GALLETE: bag ass map
(14:12 / Allies) GALLETE: can we leave
(14:22 / Allies) POOPASS: hold on
(14:23 / Allies) POOPASS: lemme use bats
(14:57 / Allies) GALLETE: if u got every last aco
(15:00 / Allies) GALLETE: tha wuld be a start
(15:08 / Allies) ImArthasKingfac: dad level rising
(15:16 / Allies) GALLETE: stop using al my mana